 Dungeon Crawl Stone Soup version 0.30-a0-777-ga9a30cbeda (webtiles) character file.

Game seed: 2560933703973415757

47 NotreDorf the Poker (level 3, -1/23 (28) HPs)
             Began as a Merfolk Reaver on Feb 13, 2023.
             Slain by Sigmund
             ... wielding a +0 scythe
              (10 damage)
             ... on level 2 of the Dungeon on Feb 14, 2023.
             The game lasted 00:04:11 (1320 turns).

NotreDorf the Poker (Merfolk Reaver)                Turns: 1320, Time: 00:04:11

HP:   -1/23 (28)    AC:  3    Str: 15    XL:     3   Next: 70%
MP:   5/6           EV: 12    Int: 15    God:
Gold: 41            SH:  0    Dex: 12    Spells: 5/6 levels left

rFire   . . .      SeeInvis .    a - +0 spear
rCold   . . .      Faith    .    (no shield)
rNeg    . . .      Spirit   .    b - +0 leather armour
rPois   +          Reflect  .    (no helmet)
rElec   .          Harm     .    (no cloak)
rCorr   .          Rampage  .    (no gloves)
Will    .....                    (no boots)
Stlth   +                        (no amulet)
HPRegen 0.23/turn                (no ring)
MPRegen 0.10/turn                (no ring)

@: heavily drained
A: (nimble swimmer 2), mertail, clever 1, poison resistance, strong 1,
MP-powered wands
a: no special abilities


You were on level 2 of the Dungeon.
You visited 1 branch of the dungeon, and saw 2 of its levels.

You collected 41 gold pieces.

Inventory:

Hand Weapons
 a - a +0 spear (weapon)
 g - a +3 dagger of flaming
 h - a +2 whip of electrocution
Armour
 b - a +0 leather armour (worn)
Scrolls
 e - 2 scrolls of teleportation {unknown}
 i - 2 scrolls of identify {unknown}
 j - a scroll of magic mapping {unknown}
 l - a scroll of poison {unknown}
 m - a scroll of fog {unknown}
Potions
 c - a potion of magic {unknown}
 d - a potion of lignification {unknown}
 f - a potion of brilliance {unknown}
 k - a potion of degeneration {unknown}


   Skills:
 + Level 2.7 Fighting
 + Level 4.4 Polearms
 + Level 3.3 Dodging
 + Level 2.3 Spellcasting
 + Level 2.7 Conjurations


You had 5 spell levels left.
You knew the following spells:

 Your Spells              Type           Power      Damage    Failure   Level
a - Kiss of Death         Conj/Necr      20%        2d7       16%         1

Your spell library contained the following spells:

 Spells                   Type           Power      Damage    Failure   Level
 Momentum Strike          Conj/Tloc      10%        3d8       22%         2
 Slow                     Hex            4%         N/A       26%         1
 Hailstorm                Conj/Ice       5%         3d4       41%         3


Dungeon Overview and Level Annotations

Branches:
Dungeon (2/15)

Altars:

Annotations:
D:2 Sigmund


Innate Abilities, Weirdness & Mutations

((You are very nimble when in or above water. (Stealth+, EV+, Speed+++)))
Your lower body shifts to a powerful aquatic tail in water.
Your mind is acute. (Int +4, Str/Dex -1)
Your system is resistant to poisons. (rPois)
Your muscles are strong. (Str +4, Int/Dex -1)
You expend magic power (3 MP) to strengthen your wands.


Message History

You hit the worm.
You kill the worm!
c - a fuming emerald potion A dart slug is nearby!
You hit the dart slug.
The dart slug is moderately wounded.
You hit the dart slug.
The dart slug is moderately wounded.
The dart slug bites you but does no damage.
You hit the dart slug but do no damage.
The dart slug is moderately wounded.
You hit the dart slug.
The dart slug is severely wounded.
The dart slug launches a dart at you. The slug dart hits you.
You hit the dart slug.
The dart slug is severely wounded.
The dart slug barely misses you.
You hit the dart slug.
The dart slug is almost dead.
You hit the dart slug.
You kill the dart slug!
No target in view!
Sigmund is nearby!
Sigmund shouts!
Sigmund hits you from afar with a +0 scythe!
Sigmund mumbles some strange words.
Sigmund flickers and vanishes!
Deactivating autopickup; reactivate with Ctrl-A.
Casting: Kiss of Death (safe; 16% risk of failure)
Confirm with . or Enter, or press ? or * to list all spells.
Aiming: Kiss of Death (safe; 16% risk of failure)
Press: ? - help, Shift-Dir - straight line The negative energy hits something.
You feel drained.
You hear some strange, mumbled words.
A magic dart appears from out of thin air!
The magic dart hits you.
You closely miss something. You closely miss something. Something hits you!
You die...

#)# #<# #.# .# #.#
#.##. ..# #.#. ####
#.. ##.# #..#
#.#######.†### .#
#.....{@.....##...##
#########.)#.......#
##>...##..#...
#..##†# ##
#####.###.# #.....#
#.# #....## #.#
#....## #..
#.....###..#


There were no monsters in sight!

Vanquished Creatures
  An adder (D:1)
  A worm (D:2)
  A dart slug (D:2)
  4 endoplasms (D:1)
  A giant cockroach (D:1)
  5 goblins
  2 hobgoblins (D:1)
  2 kobolds
  A quokka (D:1)
  6 bats (D:1)
  3 frilled lizards (D:1)
  5 rats (D:1)
32 creatures vanquished.

Vanquished Creatures (others)
  A fungus (D:1)
  A plant (D:1)
2 creatures vanquished.

Grand Total: 34 creatures vanquished

Notes
Turn   | Place    | Note
-------+----------+-------------------------------------------
     0 | D:1      | NotreDorf the Merfolk Reaver began the quest for the Orb.
     0 | D:1      | Reached XP level 1. HP: 16/16 MP: 3/3
    99 | D:1      | Reached XP level 2. HP: 23/23 MP: 5/5
   166 | D:1      | Found a faded altar of an unknown god.
   173 | D:1      | Got Plato's Spellbook of the Maleficium
   617 | D:1      | Reached XP level 3. HP: 28/28 MP: 6/6
  1067 | D:2      | Noticed Sigmund
  1081 | D:1      | Gained mutation: Your system is resistant to poisons.
                  | (rPois) [potion of mutation]
  1081 | D:1      | Gained mutation: Your muscles are strong. (Str +4, Int/Dex
                  | -1) [potion of mutation]
  1081 | D:1      | Gained mutation: Your mind is acute. (Int +4, Str/Dex -1)
                  | [potion of mutation]
  1081 | D:1      | Gained mutation: You expend magic power (3 MP) to
                  | strengthen your wands. [potion of mutation]
  1320 | D:2      | Slain by Sigmund

Illustrated notes

Levels and vault maps discovered:
D:1:      mainiacjoe_arrival_reflecting_pool, layout_basic,
          shapermc_ecumenical_altar_rom_forum
D:2:      layout_rooms, basic_altar, uniq_sigmund

Skill      XL: |  1  2 |
---------------+-------+-----
Dodging        | 3 |  3.3
Fighting       | |  2.7
Polearms       | |  4.4
Spellcasting   | |  2.3
Conjurations   | |  2.7

Action                     || total
---------------------------++-------
  Melee: Spear             ||   130
         Punch             ||     1
   Cast: Kiss of Death     ||     1
    Use: Potion            ||     1
   Stab: Sleeping          ||     1
 Armour: Leather armour    ||    27
  Dodge: Dodged            ||    46

Table legend: (Time is in decaauts)
 A = Elapsed time spent in this place.
 B = Non-inter-level travel time spent in this place.
 C = Inter-level travel time spent in this place.
 D = Time resting spent in this place.
 E = Time spent auto-exploring this place.
 F = Levels seen in this place.
 G = Mean time per level.
                   A        B        C        D        E       F      G
               +--------+--------+--------+--------+--------+-----+--------+
         Total |   1306 |   1258 |     48 |     97 |    941 |   2 |  653.0 |
       Dungeon |   1306 |   1258 |     48 |     97 |    941 |   2 |  653.0 |
               +--------+--------+--------+--------+--------+-----+--------+

Top non-repeatable levels by time:
     D:1: 1205 daAuts
     D:2: 101 daAuts
